SR
MOOSE JAW CANUCKS @ ELLESMERE ISLAND SNOWPEOPLE
08/18/2042
 
TOP OF THE 1ST
Moose Jaw Canucks batting - Pitching for Ellesmere Island Snowpeople : RHP Dennis Heath
Pitching: RHP Dennis Heath
Batting: LHB Gary McQueen 0-0: Ball
1-0: Called Strike
1-1: Ball
2-1: Ball
3-1: Called Strike
3-2: SINGLE (Groundball, 34, EV 108.8 MPH) (infield hit)
Batting: RHB Millard Carr 0-0: Ball
1-0: Ball
2-0: Called Strike
2-1: Fly out, F9 (Line Drive, 9, EV 105.6 MPH)
Batting: RHB Román Ayala 0-0: Swinging Strike
0-1: SINGLE (Line Drive, 4M, EV 97.5 MPH)
Gary McQueen to second
Gary McQueen to third
Batting: LHB Steve Scott 0-0: Ball
1-0: Ball
2-0: Foul Ball, location: 2F
2-1: Foul Ball, location: 2F
2-2: Fly out, F9 (Flyball, 9, EV 96.9 MPH)
Runner from 3rd tags up, SCORES, throw by RF
Batting: RHB José Sandoval 0-0: Ball
1-0: Fly out, F7 (Line Drive, 7, EV 97.5 MPH)
Top of the 1st over - 1 run, 2 hits, 0 errors, 1 left on base; Moose Jaw 1 - Ellesmere Island 0
BOTTOM OF THE 1ST
Ellesmere Island Snowpeople batting - Pitching for Moose Jaw Canucks : RHP Jeff Petersen
Pitching: RHP Jeff Petersen
Batting: RHB Red Greene 0-0: Ball
1-0: Bunt missed!
1-1: Swinging Strike
1-2: Foul Ball, location: 2F
1-2: Strikes out swinging
Batting: SHB Clive Edney 0-0: Called Strike
0-1: Ball
1-1: Foul Ball, location: 2F
1-2: Fly out, F4 (Line Drive, 4, EV 68.1 MPH)
Batting: RHB Donald White 0-0: Ball
1-0: Fly out, F2 (Popup, 23F, EV 75.0 MPH)
Bottom of the 1st over - 0 runs, 0 hits, 0 errors, 0 left on base; Moose Jaw 1 - Ellesmere Island 0
TOP OF THE 2ND
Moose Jaw Canucks batting - Pitching for Ellesmere Island Snowpeople : RHP Dennis Heath
Batting: RHB Dave Johns 0-0: Called Strike
0-1: Ball
1-1: Foul Ball, location: 2F
1-2: Ball
2-2: Ball
3-2: Strikes out swinging
Batting: RHB Tommy Wright 0-0: Foul Ball, location: 2F
0-1: Ball
1-1: Called Strike
1-2: Foul Ball, location: 2F
1-2: Ground out 5-3 (Groundball, 5L, EV 80.6 MPH)
Batting: RHB Marcos Martínez 0-0: Called Strike
0-1: Ball
1-1: Called Strike
1-2: Foul Ball, location: 2F
1-2: Ball
2-2: Strikes out swinging
Top of the 2nd over - 0 runs, 0 hits, 0 errors, 0 left on base; Moose Jaw 1 - Ellesmere Island 0
BOTTOM OF THE 2ND
Ellesmere Island Snowpeople batting - Pitching for Moose Jaw Canucks : RHP Jeff Petersen
Batting: RHB Ramón Rodríguez 0-0: Fly out, F8 (Line Drive, 8LM, EV 96.9 MPH)
Batting: LHB James Moya 0-0: Ball
1-0: Ball
2-0: SINGLE (Flyball, 89S, EV 86.9 MPH)
Batting: RHB Ron Jackson 0-0: Called Strike
0-1: Ball
1-1: Ball
2-1: Ball
3-1: Base on Balls
James Moya to second
Batting: RHB Frank Steeneveld 0-0: Called Strike
0-1: Ball
1-1: Ball
2-1: Ball
3-1: Foul Ball, location: 2F
3-2: SINGLE (Groundball, 34D, EV 104.4 MPH)
James Moya to third
Ron Jackson to second
Batting: RHB Ramón Rodríguez 0-0: Ball
1-0: Called Strike
1-1: Fielders Choice at 2nd, 4-6 (Groundball, 4, EV 85.0 MPH)
James Moya scores
Ron Jackson to third
Batting: RHB Howard Moore 0-0: Fly out, F9 (Flyball, 89S, EV 83.1 MPH)
Bottom of the 2nd over - 1 run, 2 hits, 0 errors, 2 left on base; Moose Jaw 1 - Ellesmere Island 1
TOP OF THE 3RD
Moose Jaw Canucks batting - Pitching for Ellesmere Island Snowpeople : RHP Dennis Heath
Batting: RHB George Holmes 0-0: Ground out 6-3 (Groundball, 6D, EV 100.0 MPH)
Batting: LHB Gary McQueen 0-0: Foul Ball, location: 2F
0-1: Ground out U3 (Groundball, 3, EV 81.9 MPH)
Batting: RHB Millard Carr 0-0: SINGLE (Groundball, 5D, EV 98.8 MPH)
Batting: RHB Román Ayala 0-0: Ball
1-0: Foul Ball, location: 2F
1-1: Ball
2-1: Ball
3-1: Base on Balls
Millard Carr to second
Batting: LHB Steve Scott 0-0: Foul Ball, location: 2F
0-1: Swinging Strike
0-2: Strikes out looking
Top of the 3rd over - 0 runs, 1 hit, 0 errors, 2 left on base; Moose Jaw 1 - Ellesmere Island 1
BOTTOM OF THE 3RD
Ellesmere Island Snowpeople batting - Pitching for Moose Jaw Canucks : RHP Jeff Petersen
Batting: RHB Red Greene 0-0: Ball
1-0: Bunt - Flyout to 2L! F2
Batting: SHB Clive Edney 0-0: Ground out U3 (Groundball, 3L, EV 83.1 MPH)
Batting: RHB Donald White 0-0: Swinging Strike
0-1: DOUBLE (Line Drive, 7LM, EV 106.2 MPH)
Batting: RHB Ramón Rodríguez 0-0: Ball
1-0: Foul Ball, location: 2F
1-1: Foul Ball, location: 2F
1-2: Ball
2-2: Foul Ball, location: 2F
2-2: Fly out, F8 (Flyball, 8RM, EV 85.0 MPH)
Bottom of the 3rd over - 0 runs, 1 hit, 0 errors, 1 left on base; Moose Jaw 1 - Ellesmere Island 1
TOP OF THE 4TH
Moose Jaw Canucks batting - Pitching for Ellesmere Island Snowpeople : RHP Dennis Heath
Batting: RHB José Sandoval 0-0: Foul Ball, location: 2F
0-1: Ball
1-1: Swinging Strike
1-2: Fly out, F8 (Flyball, 8RD, EV 83.8 MPH)
Batting: RHB Dave Johns 0-0: Ball
1-0: Called Strike
1-1: Called Strike
1-2: SINGLE (Groundball, 56D, EV 109.4 MPH)
Batting: RHB Tommy Wright 0-0: Called Strike
0-1: Ball
1-1: Foul Ball, location: 2F
1-2: Strikes out swinging
Batting: RHB Marcos Martínez 0-0: Fly out, F8 (Flyball, 89S, EV 86.2 MPH)
Top of the 4th over - 0 runs, 1 hit, 0 errors, 1 left on base; Moose Jaw 1 - Ellesmere Island 1
BOTTOM OF THE 4TH
Ellesmere Island Snowpeople batting - Pitching for Moose Jaw Canucks : RHP Jeff Petersen
Batting: LHB James Moya 0-0: Ball
1-0: Called Strike
1-1: SINGLE (Line Drive, 8RS, EV 101.2 MPH)
Batting: RHB Ron Jackson 0-0: Swinging Strike
0-1: Ball
1-1: Ball
2-1: Ball
3-1: Base on Balls
James Moya to second
Batting: RHB Frank Steeneveld 0-0: Foul Ball, location: 2F
0-1: Swinging Strike
0-2: Strikes out looking
Batting: RHB Ramón Rodríguez 0-0: Foul Ball, location: 2F
0-1: Foul Ball, location: 2F
0-2: Ball
1-2: Strikes out looking
Batting: RHB Howard Moore 0-0: Foul Ball, location: 2F
0-1: Foul Ball, location: 2F
0-2: Strikes out swinging
Bottom of the 4th over - 0 runs, 1 hit, 0 errors, 2 left on base; Moose Jaw 1 - Ellesmere Island 1
TOP OF THE 5TH
Moose Jaw Canucks batting - Pitching for Ellesmere Island Snowpeople : RHP Dennis Heath
Batting: RHB George Holmes 0-0: Called Strike
0-1: Ball
1-1: Called Strike
1-2: Foul Ball, location: 2F
1-2: Ground out 4-3 (Groundball, 4, EV 103.1 MPH)
Batting: LHB Gary McQueen 0-0: Ball
1-0: Called Strike
1-1: Ball
2-1: Foul Ball, location: 2F
2-2: Foul Ball, location: 2F
2-2: Ball
3-2: SINGLE (Flyball, 7LM, EV 96.2 MPH)
Batting: RHB Millard Carr 0-0: Called Strike
Gary McQueen steals 2nd, throwing error, E2
Gary McQueen to third
0-1: DOUBLE (Groundball, 3L, EV 100.6 MPH)
Gary McQueen scores
Batting: RHB Román Ayala 0-0: Called Strike
0-1: SINGLE (Groundball, 56D, EV 105.6 MPH)
Millard Carr to third
Runner from 3rd tries for Home, SAFE, no throw by LF
Batting: LHB Steve Scott 0-0: Swinging Strike
0-1: Ball
1-1: Fly out, F6 (Popup, 6MD, EV 66.9 MPH)
Batting: RHB José Sandoval 0-0: Ball
1-0: Fly out, F9 (Line Drive, 9, EV 98.1 MPH)
Top of the 5th over - 2 runs, 3 hits, 1 error, 1 left on base; Moose Jaw 3 - Ellesmere Island 1
BOTTOM OF THE 5TH
Ellesmere Island Snowpeople batting - Pitching for Moose Jaw Canucks : RHP Jeff Petersen
Batting: RHB Red Greene 0-0: Called Strike
0-1: Swinging Strike
0-2: Ball
1-2: Ball
2-2: Ball
3-2: Fly out, F8 (Line Drive, 8RM, EV 98.1 MPH)
Batting: SHB Clive Edney 0-0: Ball
1-0: Foul Ball, location: 2F
1-1: Foul Ball, location: 2F
1-2: Ground out 4-3 (Groundball, 4S, EV 88.8 MPH)
Batting: RHB Donald White 0-0: Foul Ball, location: 2F
0-1: Foul Ball, location: 2F
0-2: Ball
1-2: Ball
2-2: Ball
3-2: SINGLE (Line Drive, 4MD, EV 106.9 MPH)
Batting: RHB Ramón Rodríguez 0-0: Ball
1-0: Ball
2-0: Ball
3-0: Called Strike
3-1: Called Strike
3-2: Strikes out swinging
Bottom of the 5th over - 0 runs, 1 hit, 0 errors, 1 left on base; Moose Jaw 3 - Ellesmere Island 1
TOP OF THE 6TH
Moose Jaw Canucks batting - Pitching for Ellesmere Island Snowpeople : RHP Dennis Heath
Batting: RHB Dave Johns 0-0: SINGLE (Line Drive, 8LS, EV 113.1 MPH)
Batting: RHB Tommy Wright 0-0: Ball
1-0: Bunted foul
1-1: Sac Bunt to 15S - play at first, batter OUT! 1-4
Dave Johns to second
Batting: RHB Marcos Martínez 0-0: Foul Ball, location: 2F
0-1: Swinging Strike
0-2: Ball
1-2: Fly out, F8 (Flyball, 8LS, EV 92.5 MPH)
Batting: RHB George Holmes 0-0: Ball
1-0: Called Strike
1-1: Ball
2-1: Foul Ball, location: 2F
2-2: Ball
3-2: Base on Balls
Batting: LHB Gary McQueen 0-0: Foul Ball, location: 2F
0-1: Ball
1-1: Foul Ball, location: 2F
1-2: Ground out 4-3 (Groundball, 4, EV 79.4 MPH)
Top of the 6th over - 0 runs, 1 hit, 0 errors, 2 left on base; Moose Jaw 3 - Ellesmere Island 1
BOTTOM OF THE 6TH
Ellesmere Island Snowpeople batting - Pitching for Moose Jaw Canucks : RHP Jeff Petersen
Batting: LHB James Moya 0-0: Foul Ball, location: 2F
0-1: Fly out, F2 (Popup, 2R, EV 93.8 MPH)
Batting: RHB Ron Jackson 0-0: Ball
1-0: Called Strike
1-1: DOUBLE (Line Drive, 7LS, EV 106.2 MPH)
Batting: RHB Frank Steeneveld 0-0: Ball
1-0: Ball
2-0: Ball
3-0: Called Strike
3-1: Base on Balls
Batting: RHB Ramón Rodríguez 0-0: Ball
1-0: Ball
2-0: Reached via error on a dropped throw from SS, E4 (Groundball, 6, EV 80.0 MPH)
Ron Jackson to third
Frank Steeneveld to second
Pitching: LHP Nooh Isa
Batting: RHB Howard Moore 0-0: Called Strike
0-1: Swinging Strike
0-2: Ball
1-2: Foul Ball, location: 2F
1-2: Strikes out swinging
Batting: RHB Red Greene 0-0: Ball
1-0: Ball
2-0: Called Strike
2-1: Ball
3-1: Called Strike
3-2: Strikes out swinging
Bottom of the 6th over - 0 runs, 1 hit, 1 error, 3 left on base; Moose Jaw 3 - Ellesmere Island 1
TOP OF THE 7TH
Moose Jaw Canucks batting - Pitching for Ellesmere Island Snowpeople : RHP Dennis Heath
Batting: RHB Millard Carr 0-0: Called Strike
0-1: Fly out, F7 (Line Drive, 7, EV 99.4 MPH)
Batting: RHB Román Ayala 0-0: Ball
1-0: Called Strike
1-1: Ball
2-1: Ball
3-1: Base on Balls
Pitching: RHP Parker Larsen
Batting: LHB Steve Scott 0-0: Fly out, F9 (Flyball, 9D, EV 89.4 MPH)
Batting: RHB José Sandoval 0-0: Called Strike
0-1: Ball
1-1: Swinging Strike
1-2: Ball
2-2: Strikes out swinging
Top of the 7th over - 0 runs, 0 hits, 0 errors, 1 left on base; Moose Jaw 3 - Ellesmere Island 1
BOTTOM OF THE 7TH
Ellesmere Island Snowpeople batting - Pitching for Moose Jaw Canucks : LHP Nooh Isa
Batting: SHB Clive Edney 0-0: Called Strike
0-1: Called Strike
0-2: Fly out, F8 (Line Drive, 8RM, EV 89.4 MPH)
Batting: RHB Donald White 0-0: Called Strike
0-1: Swinging Strike
0-2: Strikes out swinging
Batting: RHB Ramón Rodríguez 0-0: Ball
1-0: Foul Ball, location: 2F
1-1: Foul Ball, location: 2F
1-2: Ball
2-2: Strikes out swinging
Bottom of the 7th over - 0 runs, 0 hits, 0 errors, 0 left on base; Moose Jaw 3 - Ellesmere Island 1
TOP OF THE 8TH
Moose Jaw Canucks batting - Pitching for Ellesmere Island Snowpeople : RHP Parker Larsen
Batting: RHB Dave Johns 0-0: Swinging Strike
0-1: Ball
1-1: Foul Ball, location: 2F
1-2: Foul Ball, location: 2F
1-2: Ball
2-2: Ball
3-2: Foul Ball, location: 2F
3-2: Strikes out looking
Batting: RHB Tommy Wright 0-0: Ball
1-0: Swinging Strike
1-1: Ball
2-1: Ground out 5-3 (Groundball, 5S, EV 91.9 MPH)
Batting: RHB Marcos Martínez 0-0: Called Strike
0-1: Ball
1-1: Ball
2-1: Foul Ball, location: 2F
2-2: Fly out, F3 (Popup, 23F, EV 85.6 MPH)
Top of the 8th over - 0 runs, 0 hits, 0 errors, 0 left on base; Moose Jaw 3 - Ellesmere Island 1
BOTTOM OF THE 8TH
Ellesmere Island Snowpeople batting - Pitching for Moose Jaw Canucks : LHP Nooh Isa
Batting: LHB James Moya 0-0: Foul Ball, location: 2F
0-1: Fly out, F8 (Line Drive, 8LD, EV 91.9 MPH)
Batting: RHB Ron Jackson 0-0: Called Strike
0-1: Fly out, F2 (Popup, 23F, EV 78.1 MPH)
Batting: RHB Frank Steeneveld 0-0: Called Strike
0-1: Ball
1-1: Ball
2-1: Foul Ball, location: 2F
2-2: Ball
3-2: Fly out, F6 (Popup, P, EV 83.1 MPH)
Bottom of the 8th over - 0 runs, 0 hits, 0 errors, 0 left on base; Moose Jaw 3 - Ellesmere Island 1
TOP OF THE 9TH
Moose Jaw Canucks batting - Pitching for Ellesmere Island Snowpeople : RHP Parker Larsen
Pitching: LHP Luis Ornelas
Batting: RHB George Holmes 0-0: Fly out, F8 (Flyball, 8LS, EV 96.2 MPH)
Batting: LHB Gary McQueen 0-0: Foul Ball, location: 2F
0-1: SINGLE (Groundball, 4MD, EV 98.1 MPH)
Batting: RHB Millard Carr 0-0: Called Strike
0-1: Fielders Choice at 2nd, 6-4 (Groundball, 6, EV 82.5 MPH)
Batting: RHB Román Ayala 0-0: Ball
1-0: Ball
2-0: SINGLE (Groundball, 34D, EV 101.9 MPH)
Millard Carr to second
Runner from 2nd tries for 3rd, SAFE, no throw by RF
Batting: LHB Steve Scott 0-0: Called Strike
0-1: SINGLE (Line Drive, 89M, EV 93.8 MPH)
Millard Carr scores
Román Ayala to second
Runner from 2nd tries for 3rd, SAFE, no throw by RF
Batting: RHB José Sandoval 0-0: Ball
1-0: Called Strike
1-1: SINGLE (Flyball, 7LS, EV 91.9 MPH)
Román Ayala scores
Steve Scott to second
Batting: RHB Dave Johns 0-0: Foul Ball, location: 2F
0-1: Ball
1-1: SINGLE (Flyball, 89M, EV 91.9 MPH)
Steve Scott to third
José Sandoval to second
Runner from 3rd tries for Home, SAFE, no throw by RF
Batting: RHB Tommy Wright 0-0: Swinging Strike
0-1: Called Strike
0-2: Ball
1-2: Foul Ball, location: 2F
1-2: Ball
2-2: Strikes out swinging
Top of the 9th over - 3 runs, 5 hits, 0 errors, 2 left on base; Moose Jaw 6 - Ellesmere Island 1
BOTTOM OF THE 9TH
Ellesmere Island Snowpeople batting - Pitching for Moose Jaw Canucks : LHP Nooh Isa
Batting: RHB Ramón Rodríguez 0-0: Ball
1-0: Foul Ball, location: 2F
1-1: Ball
2-1: Foul Ball, location: 2F
2-2: SOLO HOME RUN (Flyball, 78XD, EV 91.2 MPH), Distance : 441 ft
Pitching: RHP Eisaku Ishikawa
Batting: RHB Howard Moore 0-0: Ball
1-0: Foul Ball, location: 2F
1-1: Foul Ball, location: 2F
1-2: Ball
2-2: Fly out, F8 (Flyball, 89D, EV 96.2 MPH)
Batting: RHB Red Greene 0-0: Foul Ball, location: 2F
0-1: Foul Ball, location: 2F
0-2: Foul Ball, location: 2F
0-2: Foul Ball, location: 2F
0-2: Strikes out swinging
Batting: SHB Clive Edney 0-0: Foul Ball, location: 2F
0-1: Foul Ball, location: 2F
0-2: Ball
1-2: Fly out, F8 (Flyball, 8RD, EV 96.2 MPH)
Bottom of the 9th over - 1 run, 1 hit, 0 errors, 0 left on base; Moose Jaw 6 - Ellesmere Island 2
Friday, March 26th, 2021 - OOTP Baseball 20.8 Build 74